 Dungeon Crawl Stone Soup version 0.26-a0-757-g626ac9e51a (webtiles) character file.

Game seed: 3631953263170747612

63 muata the Grave Robber (level 4, -1/30 HPs)
             Began as a Human Necromancer on Nov 8, 2020.
             Killed by nerve-wracking pain
             ... invoked by an orc priest
              (2 damage)
             ... on level 2 of the Dungeon.
             The game lasted 00:05:40 (2156 turns).

muata the Grave Robber (Human Necromancer)          Turns: 2156, Time: 00:05:41

Health: -1/30      AC:  2    Str:  9    XL:     4   Next: 31%
Magic:  0/7        EV: 12    Int: 16    God:
Gold:   88         SH:  0    Dex: 13    Spells: 6/8 levels left

rFire    . . .     SeeInvis .   f - +0 dagger
rCold    . . .     Faith    .   (no shield)
rNeg     . . .     Spirit   .   a - +0 robe
rPois    .         Reflect  .   (no helmet)
rElec    .         Harm     .   (no cloak)
rCorr    .         Rampage  .   (no gloves)
MR       .....                  (no boots)
Stlth    ++........             (no amulet)
HPRegen  0.10/turn              (no ring)
MPRegen  0.10/turn              (no ring)

@: no status effects
A: no striking features
a: no special abilities


You were on level 2 of the Dungeon.
You visited 1 branch of the dungeon, and saw 2 of its levels.

You collected 88 gold pieces.

Inventory:

Hand Weapons
 f - a +0 dagger (weapon)
Armour
 a - a +0 robe (worn)
Jewellery
 g - an uncursed amulet of faith {unknown}
Scrolls
 c - a scroll of fear {unknown}
 i - a scroll of fog {unknown}
 j - a scroll of amnesia {unknown}
Potions
 b - a potion of attraction {unknown}
 d - 2 potions of degeneration {unknown}
 e - a potion of might {unknown}
 h - a potion of haste {unknown}


   Skills:
 + Level 1.5 Armour
 - Level 2.0 Dodging
 + Level 2.9 Stealth
 + Level 2.5 Spellcasting
 + Level 4.3 Necromancy


You had 6 spell levels left.
You knew the following spells:

 Your Spells              Type           Power        Failure   Level
a - Pain                  Necr           ###.         3%          1
b - Animate Skeleton      Necr           ###...       3%          1

Your spell library contained the following spells:

 Spells                   Type           Power        Failure   Level
 Vampiric Draining        Necr           ###.......   10%         3
 Animate Dead             Necr           ###.......   32%         4
 Agony                    Necr           ###.....     65%         5


Dungeon Overview and Level Annotations

Branches:
Dungeon (2/15)

Altars:


Message History

You hit the orc priest.
The orc priest is heavily wounded.
The orc priest barely misses you.
You hit the orc priest.
The orc priest is severely wounded.
The orc priest mumbles some strange prayers to Beogh against you.
Beogh smites you!
* * * LOW HITPOINT WARNING * * *
Casting: Pain (safe; 3% risk of failure)
Confirm with . or Enter, or press ? or * to list all spells.
Aiming: Pain (safe; 3% risk of failure)
Press: ? - help, Shift-Dir - straight line, f/p - orc priest
Aim: an orc priest (severely wounded, chance to defeat MR: 75%)
The orc priest writhes in agony.
The orc priest looks encouraged for a moment.
You closely miss the orc priest.
The orc priest is almost dead.
The orc priest calls down the wrath of Beogh upon you.
Pain shoots through your body!
You die...

#......# #<# ##
#......# #.#
...#......###.#
#.......)'...#
####......##..#
........####..#
####..#)####..#
########.#..........#
#ooo@.[..#....(......
#.######.#.##...##.##
#.#. +...+....
#.####...##†##
#.#....####.#
#.#.##.# #.# #.#.##.#
.>. #.#..#.. ...
#.##.###.####


You could see an orc priest and 2 orcs.

Vanquished Creatures
  An adder (D:2)
  3 leopard geckos (D:1)
  2 orcs (D:2)
  A ball python (D:1)
  2 giant cockroaches (D:1)
  8 goblins
  6 hobgoblins (D:1)
  4 bats (D:1)
  8 frilled lizards (D:1)
  2 kobolds (D:2)
  14 rats
51 creatures vanquished.

Vanquished Creatures (others)
  8 plants (D:1)
8 creatures vanquished.

Grand Total: 59 creatures vanquished

Notes
Turn   | Place    | Note
-------+----------+-------------------------------------------
     0 | D:1      | muata the Human Necromancer began the quest for the Orb.
     0 | D:1      | Reached XP level 1. HP: 13/13 MP: 3/3
   146 | D:1      | Reached XP level 2. HP: 10/19 MP: 0/5
   801 | D:1      | Reached XP level 3. HP: 24/24 MP: 4/6
   897 | D:1      | Reached skill level 1 in Armour
  1509 | D:1      | Learned a level 1 spell: Animate Skeleton
  1973 | D:2      | Reached XP level 4. HP: 28/30 MP: 3/7
  2154 | D:2      | HP: 1/30 [orc priest/divine providence (14)]
  2156 | D:2      | Killed from afar by an orc priest

Illustrated notes

Levels and vault maps discovered:
D:1:      dpeg_arrival_ratfight, layout_loops_ring, st_stairs_6,
          kennysheep_nondescript, minmay_lizard_king
D:2:      layout_basic, lemuel_crystal_altar

Skill      XL: |  1  2  3 |
---------------+----------+-----
Armour         | 1 |  1.5
Dodging        | |  2.0
Stealth        | |  2.9
Spellcasting   | |  2.5
Necromancy     | |  4.3

Action                   |  1- 3 |  4- 6 || total
-------------------------+-------+-------++-------
Melee: Club              |     5 |       ||     5
       Dagger            |    14 |     8 ||    22
 Cast: Pain              |    66 |    14 ||    80
 Stab: Sleeping          |     2 |       ||     2
Armor: Robe              |     6 |       ||     6
Dodge: Dodged            |    23 |     5 ||    28

Table legend: (Time is in decaauts)
 A = Elapsed time spent in this place.
 B = Non-inter-level travel time spent in this place.
 C = Inter-level travel time spent in this place.
 D = Time resting spent in this place.
 E = Time spent auto-exploring this place.
 F = Levels seen in this place.
 G = Mean time per level.
                   A        B        C        D        E       F      G
               +--------+--------+--------+--------+--------+-----+--------+
         Total |   2156 |   2095 |     61 |    419 |   1335 |   2 | 1078.0 |
       Dungeon |   2156 |   2095 |     61 |    419 |   1335 |   2 | 1078.0 |
               +--------+--------+--------+--------+--------+-----+--------+

Top non-repeatable levels by time:
     D:1: 1713 daAuts
     D:2: 442 daAuts
